 Dungeon Crawl Stone Soup version 0.27.1-34-g3ba077fa99 (webtiles) character file.

Game seed: 7668154162408364762

51 cbfl8 the Skirmisher (level 3, 0/29 HPs)
             Began as a Demonspawn Berserker on Jan 12, 2022.
             Was a Follower of Trog.
             Slain by a gnoll (3 damage)
             ... on level 2 of the Dungeon.
             The game lasted 00:06:59 (3006 turns).

cbfl8 the Skirmisher (Demonspawn Berserker)         Turns: 3006, Time: 00:07:00

Health: 0/29       AC:  8    Str: 17    XL:     3   Next: 57%
Magic:  3/3        EV: 12    Int:  9    God:    Trog [*.....]
Gold:   92         SH:  0    Dex: 12    Spells: 2/2 levels left

rFire    . . .     SeeInvis +   a - +0 spear
rCold    . . .     Faith    .   (no shield)
rNeg     . . .     Spirit   .   d - +0 leather armour
rPois    .         Reflect  .   (no helmet)
rElec    .         Harm     .   (no cloak)
rCorr    .         Rampage  .   e - +2 pair of gloves
Will     .....                  (no boots)
Stlth    +.........             (no amulet)
HPRegen  0.09/turn              n - ring of see invisible
MPRegen  0.08/turn              (no ring)

@: about to teleport
A: thin metallic scales 1
a: Renounce Religion, Berserk


You were on level 2 of the Dungeon.
You worshipped Trog.
Trog was aware of your devotion.
You visited 1 branch of the dungeon, and saw 2 of its levels.

You collected 92 gold pieces.

Inventory:

Hand Weapons
 a - a +0 spear (weapon)
 f - a +0 dagger
 g - a +0 hand axe
 j - a +0 short sword
 o - a +0 club
Missiles
 c - 24 arrows
 k - 25 stones (quivered)
Armour
 b - a +0 animal skin
 d - a +0 leather armour (worn)
 e - a +2 pair of gloves (worn)
 h - a +0 leather armour
 m - a +0 leather armour
Jewellery
 n - a ring of see invisible (left hand)
Potions
 i - a potion of lignification {unknown}


   Skills:
 + Level 3.3 Fighting
 + Level 3.3 Polearms
 + Level 0.2 Throwing
 + Level 2.2 Armour
 + Level 2.2 Dodging
 + Level 0.1 Stealth


You had 2 spell levels left.
You didn't know any spells.
Your spell library was empty.

Dungeon Overview and Level Annotations

Branches:
Dungeon (2/15)

Altars:
Trog
The Shining One


Innate Abilities, Weirdness & Mutations

You are partially covered in thin metallic scales. (AC +2)


Message History

The gnoll closely misses you.
You closely miss the gnoll.
The gnoll is lightly wounded.
The gnoll misses you. The gnoll barely misses you.
The kobold shouts!
You hit the gnoll.
The gnoll is moderately wounded.
The gnoll hits you but does no damage. The gnoll barely misses you.
You hit the gnoll.
The gnoll is moderately wounded.
The gnoll closely misses you. The gnoll hits you with a +0 spear.
You barely miss the gnoll.
The gnoll is moderately wounded.
The gnoll barely misses you. The gnoll closely misses you.
You hit the gnoll.
The gnoll is severely wounded.
The gnoll barely misses you. The gnoll hits you but does no damage.
You hit the gnoll.
The gnoll is almost dead.
The gnoll hits you but does no damage.
You barely miss the gnoll.
The gnoll is almost dead.
The gnoll closely misses you. The gnoll misses you.
You closely miss the gnoll.
The gnoll is almost dead.
The gnoll hits you with a +0 spear.
The gnoll hits you from afar with a +0 spear.
* * * LOW HITPOINT WARNING * * *
You barely miss the gnoll.
The gnoll is almost dead.
The gnoll barely misses you. x2
You hit the gnoll but do no damage.
The gnoll is almost dead.
The gnoll hits you but does no damage.
The gnoll hits you from afar with a +0 spear.
* * * LOW HITPOINT WARNING * * *
As you read the scroll labelled BEMEIC PAY, it crumbles to dust.
You feel strangely unstable.
It was a scroll of teleportation.
The gnoll hits you with a +0 spear.
You die...

........#..............#
.............###....#...
.............# #....#.#.
.............###........
K............##.....#.##
...g.......[.##.........
...g..Kg...$.##.......##
#######g#######.........
#@# #......### #.#
#......... ########'####
#......### #...........#
#......##< #...........#
#......... #...........#
#......#..
#...........####.........
#........................
#...................#....


You could see 2 gnolls and a kobold.

Vanquished Creatures
  A gnoll (D:2)
  An adder (D:2)
  2 dart slugs
  3 ball pythons (D:1)
  3 endoplasms
  A giant cockroach (D:2)
  A goblin (D:1)
  2 hobgoblins
  2 jackals (D:1)
  A kobold (D:1)
  2 quokkas (D:1)
  5 bats
  2 frilled lizards
  2 rats
28 creatures vanquished.

Vanquished Creatures (others)
  5 withered plants (D:2)
5 creatures vanquished.

Grand Total: 33 creatures vanquished

Notes
Turn   | Place    | Note
-------+----------+-------------------------------------------
     0 | D:1      | cbfl8 the Demonspawn Berserker began the quest for the Orb.
     0 | D:1      | Reached XP level 1. HP: 18/18 MP: 1/1
   463 | D:1      | Gained mutation: You are partially covered in thin metallic
                  | scales. (AC +2) [demonic ancestry]
   463 | D:1      | Reached XP level 2. HP: 24/24 MP: 2/2
  2435 | D:2      | Reached XP level 3. HP: 28/29 MP: 3/3
  2489 | D:2      | Found a faded altar of an unknown god.
  3006 | D:2      | Slain by a gnoll

Illustrated notes

Levels and vault maps discovered:
D:1:      eino_arrival_cavern_d, layout_basic, amcnicky_mini_pool_small,
          dk_noncrumbling_2
D:2:      layout_basic, basic_altar, ebering_ecumenical_altar_petrified,
          minmay_goblin_outpost

Skill      XL: |  1  2 |
---------------+-------+-----
Polearms       | 3 |  3.3
Dodging        | 2 |  2.2
Armour         | 2 |  2.2
Fighting       | |  3.3
Throwing       | |  0.2
Stealth        | |  0.1

Action                   || total
-------------------------++-------
Melee: Spear             ||   155
Throw: Stone             ||    10
  Use: Scroll            ||     1
Armor: Leather armour    ||    82
       Animal skin       ||     4
Dodge: Dodged            ||   162
